 Dungeon Crawl Stone Soup version 0.32-a0-630-g46d191b0ed (webtiles) character file.

Game seed: 17490147323544067680

159 dialectric the Shooter (level 5, -3/41 HPs)
             Began as a Coglin Hunter on Mar 6, 2024.
             Slain by a kobold brigand
             ... wielding a +0 short sword
              (7 damage)
             ... in a sewer.
             The game lasted 00:03:04 (1762 turns).

dialectric the Shooter (Coglin Hunter)              Turns: 1762, Time: 00:03:05

Health: -3/41      AC:  3    Str: 12    XL:     5   Next: 40%
Magic:  5/5        EV: 12    Int:  8    God:
Gold:   157        SH:  0    Dex: 19    Spells: 4/4 levels left

rFire   . . .        a - +2 sling {Thatsani}
rCold   . . .        d - +0 sling {Ara}
rNeg    . . .        c - +0 leather armour
rPois   .            (no helmet)
rElec   .            (no cloak)
rCorr   .            (no gloves)
SInv    .            (no boots)
Will    .....        (amulet unavailable)
Stlth   ++           (ring unavailable)
HPRegen 0.26/turn    (ring unavailable)
MPRegen 0.09/turn    (no gizmo)

%: no passive effects
@: slowed, revving, very slow
A: off-hand wielding, slow wielding, warmup strikes, no jewellery
a: Invent Gizmo


You were in a sewer.
You visited 1 branch of the dungeon, and saw 3 of its levels.
You also visited: Sewer.

You collected 157 gold pieces.

Inventory:

Hand Weapons
 a - a +2 sling (weapon) {Thatsani}
 d - a +0 sling (offhand) {Ara}
Armour
 c - a +0 leather armour (worn)
Talismans
 g - a beast talisman
Scrolls
 b - a scroll of butterflies
 e - a scroll of identify
 f - a scroll of acquirement {unknown}
 i - a scroll of enchant armour {unknown}
 j - 2 scrolls of teleportation
 k - 2 scrolls of amnesia


   Skills:
 + Level 3.2 Fighting
 + Level 4.2 Ranged Weapons
 + Level 2.8 Dodging
 + Level 2.2 Stealth


You had 4 spell levels left.
You didn't know any spells.
Your spell library contained the following spells:

 Spells                   Type           Power      Damage    Failure   Level
 Apportation              Tloc           0%         N/A       50%         1
 Necrotise                Necr           0%         1d4       50%         1
 Sting                    Conj/Alch      0%         1d3       50%         1
 Summon Small Mammal      Summ           0%         N/A       50%         1


Dungeon Overview and Level Annotations

Branches:
Dungeon (3/15)              Sewer (1/1)

Altars:

Shops:
D:2 [


Innate Abilities, Weirdness & Mutations

You can wield a second weapon in your off-hand.
It takes a long time for you to wield or remove held weapons.
Your first few attacks do less damage.
You cannot equip rings or amulets.


Message History

You feel very sick.
The kobold brigand throws a curare-tipped dart.
The curare-tipped dart misses you.
You enter the shallow water.
Moving in this stuff is going to be slow.
You feel very sick.
You aren't carrying any potions.
You aren't carrying any potions.
Unknown command.
You aren't carrying any potions.
You shoot a sling bullet.
The sling bullet hits the kobold brigand.
The kobold brigand is lightly wounded.
You shoot a sling bullet.
The sling bullet hits the kobold brigand but does no damage.
The kobold brigand is lightly wounded.
You feel very sick.
The kobold brigand hits you with a +0 short sword.
The kobold brigand closely misses you.
Unknown command.
As you read the scroll of teleportation, it crumbles to dust.
You feel strangely unstable.
You feel sick. The kobold brigand closely misses you.
Unknown command.
You feel sick.
The kobold brigand hits you with a +0 short sword. x2
* * * LOW HITPOINT WARNING * * *
The kobold brigand closely misses you.
Your surroundings seem slightly different.
Splash!
You fall into the shallow water.
Moving in this stuff is going to be slow.
You feel sick.
You are no longer poisoned.
The kobold brigand misses you.
The kobold brigand hits you with a +0 short sword.
* * * LOW HITPOINT WARNING * * *
Unknown command.
The kobold brigand hits you with a +0 short sword!
You die...

####### .#....##
##..).~.##
##....~≈~.#
#......~. .....
####.#### #.@K.~..#
#.)~~~~~# #~~≈≈≈†~#
#~~≈≈≈~~# #~~≈≈≈~.#
#.~~≈~~~# #..~≈~~~#
#.~~≈~..###########
#.~~≈~~~~~~~~~~~~~~


You could see a kobold brigand.

Vanquished Creatures
  An orc wizard (D:3)
  A river rat (Sewer)
  6 adders
  A ribbon worm (D:2)
  2 orcs (D:3)
  8 ball pythons
  3 endoplasms
  6 giant cockroaches
  7 goblins
  4 hobgoblins
  A jackal (Sewer)
  7 kobolds
  3 quokkas
  3 bats (D:1)
  3 frilled lizards
  8 rats
64 creatures vanquished.

Vanquished Creatures (others)
  A goblin (D:3)
1 creature vanquished.

Grand Total: 65 creatures vanquished

Notes
Turn   | Place    | Note
-------+----------+-------------------------------------------
     0 | D:1      | dialectric the Coglin Hunter began the quest for the Orb.
     0 | D:1      | Reached XP level 1. HP: 16/16 MP: 1/1
   120 | D:1      | Reached skill level 1 in Stealth
   132 | D:1      | Reached XP level 2. HP: 19/22 MP: 2/2
   480 | D:1      | Reached XP level 3. HP: 19/28 MP: 3/3
   952 | D:2      | Found a faded altar of an unknown god.
  1011 | D:2      | Found Fogh's Armour Emporium.
  1275 | D:2      | Reached skill level 4 in Ranged Weapons
  1275 | D:2      | Reached XP level 4. HP: 26/34 MP: 4/4
  1578 | D:3      | Reached XP level 5. HP: 27/41 MP: 5/5
  1625 | D:3      | Found a glowing drain.
  1645 | Sewer    | Entered a sewer
  1738 | Sewer    | Noticed a kobold brigand
  1762 | Sewer    | Slain by a kobold brigand

Illustrated notes

Levels and vault maps discovered:
D:1:      dpeg_arrival_boxes_within_box, layout_basic, serial_forest,
          infiniplex_forest_clump_cross, infiniplex_forest_lined_3_way,
          infiniplex_forest_clump_cross, infiniplex_forest_clump_cross,
          infiniplex_forest_lined_ring, infiniplex_forest_clump_tiny,
          infiniplex_forest_clump_long
D:2:      layout_loops_ring, serial_shops, shop,
          hellmonk_ecumenical_altar_prayer_group, nrook_mini_backslash
D:3:      layout_rooms, portal_sewer_entry_a
Sewer:    sewer_kobolds

Skill      XL: |  1  2  3  4 |
---------------+-------------+-----
Stealth        | 1 2 |  2.2
Dodging        | 2 |  2.8
Ranged Weapons | 4 |  4.2
Fighting       | 3 |  3.2

Action                     |  1- 3 |  4- 6 || total
---------------------------+-------+-------++-------
   Fire: Sling             |   180 |   140 ||   320
    Use: Scroll            |       |     4 ||     4
         Potion            |       |     1 ||     1
 Armour: Leather armour    |    11 |    27 ||    38
  Dodge: Dodged            |    14 |    25 ||    39

Table legend: (Time is in decaauts)
 A = Elapsed time spent in this place.
 B = Non-inter-level travel time spent in this place.
 C = Inter-level travel time spent in this place.
 D = Time resting spent in this place.
 E = Time spent auto-exploring this place.
 F = Levels seen in this place.
 G = Mean time per level.
                   A        B        C        D        E       F      G
               +--------+--------+--------+--------+--------+-----+--------+
         Total |   1830 |   1748 |     82 |      0 |   1317 |   4 |  457.5 |
       Dungeon |   1683 |   1601 |     82 |      0 |   1234 |   3 |  561.0 |
         Sewer |    147 |    147 |      0 |      0 |     83 |   1 |  147.0 |
               +--------+--------+--------+--------+--------+-----+--------+

Top non-repeatable levels by time:
     D:1: 812 daAuts
     D:2: 646 daAuts
     D:3: 224 daAuts
   Sewer: 147 daAuts
